Map: Catalyst LE

Players

GogojOey

  • Race: Zerg Zerg
  • Spawn Location: 11:00

Cham - Winner!

  • Race: Zerg Zerg
  • Spawn Location: 5:00

Event: WCS Leipzig 2018

VOD

Have the link to the VOD?

Description

Time

  • Played on: Jan. 26, 2018, 12:15 p.m.
  • Length: 6:16

All games in this series

Show
View Real Time Build Order
Export as new Build Order

GogojOey Zerg 

Build Orders: Hatch First 

Get SALT Encoding   

  12  0:00  Drone  
  13  0:13  Overlord  
  13  0:17  Drone  
  14  0:31  Drone x2  
  14  0:34  Drone  
  17  0:53  Hatchery  
  17  0:55  Drone  
  17  0:58  Drone  
  18  1:09  Extractor  
  17  1:13  Spawning Pool  
  17  1:16  Drone  
  17  1:20  Drone  
  18  1:29  Drone  
  19  1:39  Overlord  
  19  1:49  Drone  
  20  1:59  Queen  
  20  2:00  Zergling x2  
  23  2:05  Zergling x2, Queen  
  26  2:11  Drone  
  27  2:16  Drone  
  29  2:22  Drone  
  29  2:27  Drone  
  30  2:33  Drone  
  30  2:35  Queen  
  33  2:38  Drone  
  33  2:43  Overlord  
  34  2:49  Drone  
  35  2:57  Evolution Chamber  
  33  2:59  Roach Warren  
  33  3:00  Evolution Chamber  
  33  3:01  Drone x2  
  33  3:04  Metabolic Boost  
  35  3:05  Drone  
  35  3:08  Drone x2  
  35  3:09  Drone  
  38  3:16  Overlord  
  38  3:18  Drone  
  39  3:23  Drone  
  39  3:24  Drone x2  
  42  3:28  Zerg Missile Weapons Level 1  
  42  3:32  Overlord  
  42  3:47  Hatchery  
  41  3:49  Overlord  
  41  3:50  Overlord  
  41  3:53  Zergling x2  
  41  3:54  Zergling x2  
  43  3:58  Zergling x2  
  43  3:59  Evolution Chamber  
  43  4:00  Zergling x2  
  43  4:01  Zergling x2  
  45  4:05  Zergling x4  
  45  4:09  Zergling x4  
  49  4:18  Zergling x2  
  49  4:19  Zergling x10  
  55  4:26  Lair  
  55  4:30  Drone x2  
  57  4:40  Drone x2  
  57  4:41  Extractor  
  57  4:42  Extractor  
  57  4:44  Drone  
  58  4:50  Drone x4  
  58  4:51  Drone x2  
  64  4:55  Drone  
  64  5:02  Zergling x2  
  64  5:03  Zergling x2  
  61  5:08  Zergling x2  
  57  5:20  Overlord  
  54  5:24  Roach x2  
  54  5:25  Roach x6  
  54  5:26  Extractor  
  69  5:32  Roach  
  69  5:34  Roach  
  73  5:41  Overlord  
  73  5:42  Roach  
  74  5:52  Overlord  
Show
View Real Time Build Order
Export as new Build Order

Cham Zerg - Winner!

Build Orders: Hatch First 

Get SALT Encoding   

  12  0:00  Drone  
  13  0:08  Drone  
  14  0:16  Overlord  
  14  0:35  Drone x3  
  17  0:52  Hatchery  
  17  0:56  Drone  
  17  1:08  Spawning Pool  
  17  1:11  Drone  
  17  1:15  Extractor  
  17  1:16  Drone  
  17  1:20  Drone  
  18  1:30  Drone  
  19  1:45  Overlord  
  19  1:54  Queen  
  19  1:56  Drone  
  22  2:03  Drone, Queen  
  22  2:04  Drone  
  26  2:13  Drone  
  27  2:16  Overlord  
  27  2:23  Drone  
  27  2:26  Drone  
  29  2:30  Queen  
  29  2:36  Drone x2  
  33  2:50  Drone x2  
  35  2:51  Evolution Chamber  
  35  2:55  Roach Warren  
  35  2:57  Drone x2  
  35  3:05  Drone x3  
  38  3:07  Lair  
  38  3:10  Drone  
  39  3:15  Drone x2  
  41  3:20  Drone, Zerg Missile Weapons Level 1  
  41  3:24  Extractor x2  
  40  3:27  Evolution Chamber  
  40  3:30  Drone x2  
  40  3:31  Drone  
  42  3:34  Overlord  
  42  3:37  Drone  
  42  3:40  Drone  
  44  3:42  Overlord  
  44  3:50  Overlord  
  44  3:54  Roach x3  
  50  4:00  Roach  
  50  4:01  Roach  
  54  4:06  Drone x2  
  54  4:07  Glial Reconstitution  
  56  4:19  Hatchery  
  55  4:24  Drone x2  
  55  4:26  Roach  
  55  4:29  Overlord  
  59  4:37  Roach x3  
  65  4:39  Roach  
  65  4:44  Overlord  
  67  4:46  Overlord  
  67  4:52  Overlord  
  67  4:54  Roach x4  
  71  5:01  Roach  
  71  5:02  Roach  
  71  5:03  Ravager  
  71  5:04  Roach x2  
  71  5:06  Ravager  
  79  5:08  Ravager  
  79  5:09  Roach  
  79  5:11  Roach  
  82  5:20  Roach  
  84  5:23  Overlord  
  84  5:25  Drone x3  
  87  5:33  Drone x3  
  87  5:34  Roach  
  92  5:36  Roach  
  94  5:43  Drone x2  
  98  5:52  Drone, Extractor  
  98  5:59  Drone  
  98  6:00  Drone x4  
Tags
 
Add a new tag
Caveats
  • Supply blocks, unpowered buildings, or Contaminate may cause inaccurate times.
  • Supply counts are checked every 10 seconds.